[Event "Turkey IS Bank Super League 2017"]
[Site "Darica-Kocaeli"]
[Date "2017.08.04"]
[Round "11"]
[White "Gundogan, Sinem Cagla"]
[Black "Yassibag, Ipek Asli"]
[Result "1-0"]
[ECO "B01"]
[WhiteElo "2000"]
[BlackElo "1880"]
[Annotator "NA"]
[PlyCount "65"]
[EventType "team-tourn"]
[EventCountry "TUR"]
[SourceTitle "playchess.com"]
[Source "ChessBase"]
[SourceQuality "1"]
[TimeControl "40/5400+30:1800+30"]

1. e4 d5 2. exd5 Nf6 3. Bb5+ Bd7 4. Be2 Nxd5 {[%emt 0:00:00] LiveBook: 367 Games} 5. d4 Bf5 6. Nf3 e6 7. O-O Nc6 {[%emt 0:00:30] B01: Scandinavian Defence} 8. a3 a6 (8... Be7 9. c4 Nb6 10. Nc3 O-O 11. Be3 Bf6 12. h3 Qd7 13. b4 Rad8 14. Qb3 Nxd4 15. Bxd4 Bxd4 16. Rad1 e5 17. Nb5 Qe7 18. c5 Nd5 19. Nbxd4 exd4 20. Nxd4 {1-0 (41) Dvoirys,S (2552)-Tilicheev,V (2497) Pardubice 2017}) 9. c4 Nf6 $146 ({Predecessor:} 9... Nb6 10. Nc3 Bg4 11. d5 exd5 12. cxd5 Ne7 13. Qd4 Bh5 14. Re1 f6 15. Bf4 Nbxd5 16. Nxd5 Qxd5 17. Qxd5 Nxd5 18. Bxa6+ {1-0 (32) Sanchez Romero,M (2216)-Torrijos Garcia,B (1862) Mislata 2015}) 10. h3 Be7 11. Be3 O-O 12. Nc3 Qd7 13. b4 Rfd8 14. Qb3 Ne4 15. Nxe4 Bxe4 16. Rad1 Bf6 17. Rd2 (17. Ne5 $14 Qe8 18. f3) 17... Qe7 18. Rfd1 Rd7 19. d5 exd5 20. cxd5 Ne5 21. Bc5 Qe8 22. Nxe5 Qxe5 23. Bg4 Rdd8 24. Re2 Bxd5 25. Rxd5 Qxd5 26. Re8+ Rxe8 27. Qxd5 c6 28. Qd7 Rab8 29. g3 g6 30. Ba7 Re7 31. Qd6 Re1+ 32. Kg2 Be5 33. Qd2 $18 ({Worse is} 33. Bxb8 Bxd6 34. Bxd6 f5 $11) 1-0

[Event "Turkey IS Bank Super League 2017"]
[Site "Darica-Kocaeli"]
[Date "2017.08.04"]
[Round "11"]
[White "Ozbay, Ece"]
[Black "Ayan, Bengu Sena"]
[Result "0-1"]
[ECO "C14"]
[WhiteElo "1970"]
[BlackElo "1862"]
[Annotator "NA"]
[PlyCount "101"]
[EventType "team-tourn"]
[EventCountry "TUR"]
[SourceTitle "playchess.com"]
[Source "ChessBase"]
[SourceQuality "1"]
[TimeControl "40/5400+30:1800+30"]

1. e4 e6 2. d4 d5 3. Nc3 Nf6 4. Bg5 Be7 5. e5 Nfd7 6. Bxe7 Qxe7 7. f4 a6 8. Nf3 Nb6 {[%emt 0:00:30] C14: French: Classical System: 4 Bg5 Be7 main line} 9. Bd3 Bd7 10. Ne2 $146 ({Predecessor:} 10. O-O c5 11. dxc5 Qxc5+ 12. Kh1 Nc6 13. Qe1 g6 14. a3 Ne7 15. Qh4 h6 16. Ne2 Nf5 17. Bxf5 gxf5 18. Ned4 Qe7 {½-½ (18) Jovanovic,Z (2529)-Balog,I (2526) Hungary 2014}) 10... c5 11. c3 Nc6 12. O-O h6 13. Ng3 cxd4 14. cxd4 Nb4 15. Bb1 Nc4 16. Qe2 Nb6 17. Qf2 g6 18. a3 Nc6 19. h4 O-O-O 20. Bd3 Kb8 21. b4 Na7 22. Ne2 Rc8 23. Rfc1 Bb5 24. Ne1 g5 25. hxg5 hxg5 26. Bxb5 axb5 27. Rxc8+ Naxc8 28. f5 Qf8 29. Ng3 Qh6 30. Kf1 Nc4 31. Ke2 g4 32. Ra2 Qc1 33. Kf1 Ne3+ 34. Kg1 Nxf5 35. Nxf5 exf5 36. Rc2 Qh6 37. Qg3 Ka8 38. Qd3 Qh2+ 39. Kf2 Qf4+ 40. Ke2 Nb6 41. Qe3 {[%emt 0:03:36] [#]} Qh2 $1 42. Qg5 $19 g3 43. Qxf5 Rh4 44. Qf6 Re4+ 45. Kd3 Qg1 46. Rd2 Qxd4+ 47. Kc2 Qc4+ 48. Kd1 Qb3+ 49. Rc2 Qb1+ 50. Rc1 Rd4+ 51. Ke2 0-1

[Event "Turkey IS Bank Super League 2017"]
[Site "Darica-Kocaeli"]
[Date "2017.08.04"]
[Round "11"]
[White "Tirak, Mert"]
[Black "Yurtseven, Melih"]
[Result "0-1"]
[ECO "B10"]
[WhiteElo "1909"]
[BlackElo "2353"]
[Annotator "ChessBase"]
[PlyCount "86"]
[EventType "team-tourn"]
[EventCountry "TUR"]
[SourceTitle "playchess.com"]
[Source "ChessBase"]
[SourceQuality "1"]
[TimeControl "40/5400+30:1800+30"]

1. e4 c6 2. b3 d5 3. Bb2 dxe4 4. Nc3 Nf6 5. Nge2 e6 6. Ng3 Be7 7. Qe2 O-O 8. Ngxe4 Nbd7 9. O-O-O b5 10. Nxf6+ Bxf6 11. Ne4 Bxb2+ 12. Kxb2 a5 13. a3 Nf6 14. d4 b4 15. Nxf6+ Qxf6 16. a4 Rd8 17. Qe4 Bb7 18. Bc4 Rd7 19. Qe5 Rad8 20. Qxa5 Rxd4 21. Rxd4 Qxd4+ 22. Kb1 c5 23. f3 Rf8 24. Qc7 Bd5 25. Bxd5 exd5 26. Re1 c4 27. Qe5 Qf2 28. Qe2 Qb6 29. g4 h6 30. h4 Rc8 31. Qe5 cxb3 32. cxb3 Qf2 33. Rc1 Rd8 34. Qe7 Rf8 35. Qxb4 Qxf3 36. h5 Re8 37. a5 d4 38. Qxd4 Qxb3+ 39. Qb2 Qd3+ 40. Ka1 Re4 41. Qa2 Qb5 42. Rc8+ Kh7 43. Qc2 f5 0-1

[Event "Turkey IS Bank Super League 2017"]
[Site "Darica-Kocaeli"]
[Date "2017.08.04"]
[Round "11"]
[White "Ayazmali, Gizem"]
[Black "Sade, Defne"]
[Result "1-0"]
[ECO "D11"]
[WhiteElo "1849"]
[BlackElo "1654"]
[Annotator "NA"]
[PlyCount "95"]
[EventType "team-tourn"]
[EventCountry "TUR"]
[SourceTitle "playchess.com"]
[Source "ChessBase"]
[SourceQuality "1"]
[TimeControl "40/5400+30:1800+30"]

1. Nf3 d5 2. g3 c6 3. Bg2 Bf5 4. O-O h6 5. d4 Nd7 6. Nbd2 Ngf6 7. c4 e6 8. cxd5 exd5 9. Ne5 Bd6 10. Nxd7 Qxd7 11. f3 Bh3 12. e4 Bxg2 13. Kxg2 Be7 (13... dxe4 $1 $15 14. Nxe4 Nd5) 14. e5 Nh7 15. f4 O-O-O 16. h3 $11 f5 17. Qc2 h5 18. h4 Nf8 19. Nf3 g6 20. Re1 Ne6 21. Bd2 Qc7 22. b4 Kd7 23. Rac1 Rc8 24. b5 Ke8 25. bxc6 bxc6 26. Qa4 Kf7 27. Bb4 Bxb4 28. Qxb4 Rhd8 29. Ng5+ Nxg5 30. hxg5 Ke6 31. Rc5 Rb8 32. Qc3 Rb6 33. Rc1 Rc8 34. a4 Qb7 35. Rc2 Qa6 36. a5 Rb5 37. Rxc6+ Rxc6 38. Qxc6+ Qxc6 39. Rxc6+ Kf7 40. Rc7+ Kg8 41. Rxa7 Rb4 42. Rd7 Rxd4 43. a6 Ra4 44. a7 Ra2+ 45. Kh3 d4 46. Rd8+ Kf7 47. a8=Q Rxa8 48. Rxa8 1-0

[Event "Turkey IS Bank Super League 2017"]
[Site "Darica-Kocaeli"]
[Date "2017.08.04"]
[Round "11"]
[White "Aluc, Bulut Evrim"]
[Black "Kose, Ulya"]
[Result "1-0"]
[ECO "D46"]
[WhiteElo "1699"]
[BlackElo "1591"]
[Annotator "NA"]
[PlyCount "69"]
[EventType "team-tourn"]
[EventCountry "TUR"]
[SourceTitle "playchess.com"]
[Source "ChessBase"]
[SourceQuality "1"]
[TimeControl "40/5400+30:1800+30"]

1. d4 d5 2. c4 e6 3. Nc3 Nf6 4. e3 Nbd7 5. Bd3 c6 6. Nf3 Bd6 7. O-O O-O 8. e4 dxe4 9. Nxe4 Nxe4 10. Bxe4 h6 11. Bc2 e5 12. Re1 exd4 13. Qxd4 Bc5 14. Qd2 Nf6 15. b4 Bb6 16. Qc3 a5 17. a3 c5 18. b5 a4 19. Rd1 Qc7 20. Bxh6 Ba5 21. Qb2 Bg4 22. Rd5 Ne8 23. Rg5 f5 24. Ne5 Rf6 25. Nxg4 fxg4 26. Bxg7 Nxg7 27. Qxf6 Rf8 28. Qg6 Bc3 29. Qh7+ Kf7 30. Rd1 Ke8 31. Qe4+ Kf7 32. Qd5+ Ke8 33. Rxg7 Qxg7 34. Qe6+ Qe7 35. Bg6+ 1-0